 Dungeon Crawl Stone Soup version 0.31.0-11-ge490571c62 (webtiles) character file.

Game seed: 452829764969263101

311 qw the Skirmisher (level 6, -2/34 HPs)
             Began as a Deep Elf Hunter on Feb 4, 2024.
             Incinerated by a bombardier beetle (3 damage)
             ... with a burning spray
             ... on level 3 of the Dungeon.
             The game lasted 00:00:07 (1889 turns).

qw the Skirmisher (Deep Elf Hunter)                 Turns: 1889, Time: 00:00:08

Health: -2/34      AC:  8    Str: 10    XL:     6   Next: 18%
Magic:  8/8        EV: 13    Int: 14    God:
Gold:   117        SH:  0    Dex: 18    Spells: 5/5 levels left

rFire   . . .        a - +0 shortbow
rCold   . . .        (shield currently unavailable)
rNeg    . . .        c - +0 leather armour
rPois   .            b - +0 helmet
rElec   .            (no cloak)
rCorr   .            (no gloves)
SInv    .            (no boots)
Will    .....        (no amulet)
Stlth   +            g - +4 ring of protection
HPRegen 0.25/turn    (no ring)
MPRegen 0.11/turn

%: no passive effects
@: on fire, glowing
A: no striking features
a: no special abilities


You were on level 3 of the Dungeon.
You visited 1 branch of the dungeon, and saw 3 of its levels.

You collected 117 gold pieces.


   Skills:
 + Level 1.5 Fighting
 - Level 9.6 Ranged Weapons
 - Level 3.1 Dodging
 - Level 1.2 Stealth


You had 5 spell levels left.
You didn't know any spells.
Your spell library was empty.

Inventory:

Hand Weapons
 a - a +0 shortbow (weapon)
Armour
 b - a +0 helmet (worn)
 c - a +0 leather armour (worn)
 d - a +0 scale mail
 i - a +0 ring mail
Jewellery
 g - a +4 ring of protection (left hand)
Scrolls
 k - a scroll of revelation {unknown}
Potions
 e - a potion of haste {unknown}
 f - a potion of enlightenment
 h - a potion of curing {unknown}
 j - a potion of brilliance {unknown}

Dungeon Overview and Level Annotations

Branches:
Dungeon (3/15)

Altars:


Message History

The arrow barely misses the bombardier beetle.
You shoot an arrow.
The arrow barely misses the bombardier beetle.
The bombardier beetle closely misses you.
You shoot an arrow. The arrow hits the bombardier beetle.
The bombardier beetle is heavily wounded.
The bombardier beetle sprays incendiary fluid at you.
The burning spray hits you.
You are covered in liquid fire!
You shoot an arrow.
The arrow hits the bombardier beetle but does no damage.
The bombardier beetle is heavily wounded.
The liquid fire burns you!
You shoot an arrow.
The arrow closely misses the bombardier beetle.
The liquid fire burns you!
The bombardier beetle bites you but does no damage.
You shoot an arrow. The arrow hits the bombardier beetle.
The bombardier beetle is severely wounded.
The liquid fire burns you!
You shoot an arrow.
The arrow barely misses the bombardier beetle.
The liquid fire burns you!
The bombardier beetle closely misses you.
You shoot an arrow.
The arrow closely misses the bombardier beetle.
The liquid fire burns you!
You shoot an arrow. The arrow hits the bombardier beetle.
You kill the bombardier beetle!
The liquid fire burns you!
Your Dodging skill increases to level 3!
You are on fire!
The liquid fire burns you!
You are on fire!
The liquid fire burns you!
You are on fire!
The liquid fire burns you!
You are on fire!
The liquid fire burns you!
You die...

#
##################.#####
................@.......
##################.###..
# ### ... ###


There were no monsters in sight!

Vanquished Creatures
  Sigmund (D:3)
  A bombardier beetle (D:3)
  A jelly (D:2)
  Robin (D:2)
  An adder (D:2)
  A dart slug (D:2)
  6 endoplasms
  3 giant cockroaches
  16 goblins
  2 hobgoblins (D:1)
  4 kobolds
  5 quokkas
  10 ball pythons
  3 bats
  3 rats (D:1)
58 creatures vanquished.

Notes
Turn   | Place    | Note
-------+----------+-------------------------------------------
     0 | D:1      | qw the Deep Elf Hunter began the quest for the Orb.
     0 | D:1      | Reached XP level 1. HP: 12/12 MP: 3/3
     0 | D:1      | 0 ||| qw: Version: 0.3-a-160-g6735b56
     0 | D:1      | 0 ||| qw: Game counter: 4433
     0 | D:1      | 0 ||| qw: Melee chars always use a shield: true
     0 | D:1      | 0 ||| qw: God list: Okawaru
     0 | D:1      | 0 ||| qw: Allow faded altars: false
     0 | D:1      | 0 ||| qw: Do Orc after clearing Dungeon:15 true
     0 | D:1      | 0 ||| qw: Do second Lair branch before Depths: true
     0 | D:1      | 0 ||| qw: Lair rune preference: random
     0 | D:1      | 0 ||| qw: Goals: Normal
     0 | D:1      | 0 ||| PLANNING D:1-11
   216 | D:1      | Reached XP level 2. HP: 16/16 MP: 4/4
   253 | D:1      | Reached skill level 6 in Ranged Weapons
   740 | D:1      | 740 ||| UPGRADING to +4 ring of protection.
   741 | D:1      | 741 ||| READING scroll labelled MIVEENK OPROISS.
   745 | D:1      | 745 ||| READING scroll labelled LIYTEUNKAH.
   746 | D:1      | 746 ||| READING scroll labelled UWKOBR VACLO.
   747 | D:1      | 747 ||| DROPPING scroll of butterflies.
   769 | D:2      | Noticed Robin
   771 | D:2      | Reached XP level 3. HP: 20/20 MP: 5/5
   773 | D:2      | 773 ||| STAIRDANCE
   803 | D:2      | 803 ||| STAIRDANCE
   828 | D:2      | 828 ||| STAIRDANCE
   869 | D:2      | 869 ||| STAIRDANCE
   879 | D:2      | Killed Robin
   880 | D:2      | Reached skill level 7 in Ranged Weapons
   923 | D:2      | Identified the +8 chain mail "Piexzerph" {Regen+ MP+9}
  1081 | D:2      | Reached XP level 4. HP: 25/25 MP: 6/6
  1410 | D:2      | Reached skill level 8 in Ranged Weapons
  1603 | D:2      | 1603 ||| UPGRADING to +0 helmet.
  1608 | D:2      | 1608 ||| READING scroll labelled YLOULE OSIAPP.
  1608 | D:2      | 1608 ||| IDENTIFYING fizzy dark potion
  1609 | D:2      | 1609 ||| READING 2 scrolls labelled TIZ AKYGUTRUZE.
  1610 | D:2      | 1610 ||| READING scroll labelled POAZYOTANUL.
  1611 | D:2      | 1611 ||| READING scroll labelled TARIODGHOMEB.
  1612 | D:2      | 1612 ||| DRINKING 2 pink potions.
  1613 | D:2      | 1613 ||| DROPPING potion of lignification.
  1614 | D:2      | 1614 ||| DROPPING scroll of fear.
  1789 | D:3      | Noticed Sigmund
  1798 | D:3      | Killed Sigmund
  1799 | D:3      | Reached skill level 9 in Ranged Weapons
  1799 | D:3      | Reached XP level 5. HP: 27/29 MP: 7/7
  1799 | D:3      | Reached XP level 6. HP: 32/34 MP: 8/8
  1886 | D:3      | Reached skill level 3 in Dodging
  1887 | D:3      | HP: 4/34 [burnt (5)]
  1888 | D:3      | HP: 1/34 [burnt (3)]
  1889 | D:3      | Incinerated by a bombardier beetle

Levels and vault maps discovered:
D:1:      minmay_arrival_three_doors, layout_basic
D:2:      layout_basic, uniq_robin
D:3:      layout_basic, uniq_jessica, uniq_sigmund

Skill      XL: |  1  2  3  4  5  6 |
---------------+-------------------+-----
Ranged Weapons | 6 7 9 |  9.6
Dodging        | 3 |  3.1
Fighting       | |  1.5
Stealth        | |  1.2

Action                     |  1- 3 |  4- 6 || total
---------------------------+-------+-------++-------
   Fire: Shortbow          |   114 |    58 ||   172
    Use: Scroll            |     3 |     4 ||     7
         Potion            |       |     1 ||     1
 Armour: Leather armour    |    30 |     4 ||    34
  Dodge: Dodged            |    50 |     6 ||    56

Table legend:
 A = Non-vault XP
 B = Vault XP
 C = Vault XP percentage of total XP
 D = Non-vault monster count
 E = Vault monster count
 F = Vault count percentage of total count
                 A         B        C        D         E       F
            +---------+---------+-------+---------+---------+-------
      Total |     187 |     258 |  58.0 |      46 |      12 |  20.7
            +---------+---------+-------+---------+---------+-------
        D:1 |      40 |      16 |  28.6 |      25 |       8 |  24.2
        D:2 |      81 |      19 |  19.0 |      14 |       3 |  17.6
        D:3 |      66 |     223 |  77.2 |       7 |       1 |  12.5
            +---------+---------+-------+---------+---------+-------
